 Dungeon Crawl Stone Soup version 0.30.0-2-g1aa4bd4387 (webtiles) character file.

Game seed: 10698320850527181889

88 Jarnaxa the Trooper (level 4, 0/35 HPs)
             Began as a Demonspawn Fighter on May 7, 2023.
             Slain by an orc
             ... wielding a +0 flail
              (7 damage)
             ... on level 3 of the Dungeon.
             The game lasted 00:04:05 (1942 turns).

Jarnaxa the Trooper (Demonspawn Fighter)            Turns: 1942, Time: 00:04:06

Health: 0/35       AC:  6    Str: 18    XL:     4   Next: 30%
Magic:  4/4        EV:  9    Int: 10    God:
Gold:   138        SH:  8    Dex: 12    Spells: 3/3 levels left

rFire   . . .        a - +0 long sword
rCold   . . .        c - +0 buckler
rNeg    . . .        b - +0 scale mail
rPois   .            (no helmet)
rElec   .            (no cloak)
rCorr   .            (no gloves)
SInv    .            (no boots)
Will    .....        (no amulet) Stlth
                     (no ring)
HPRegen 0.25/turn    (no ring)
MPRegen 0.09/turn

%: no passive effects
@: no status effects
A: condensation shield
a: no special abilities


You were on level 3 of the Dungeon.
You visited 1 branch of the dungeon, and saw 3 of its levels.

You collected 138 gold pieces.

Inventory:

Hand Weapons
 a - a +0 long sword (weapon)
Armour
 b - a +0 scale mail (worn)
 c - a +0 buckler (worn)
Wands
 m - a wand of flame (13)
Scrolls
 e - a scroll of immolation {unknown}
 f - 3 scrolls of teleportation {unknown}
 g - a scroll of identify {unknown}
 i - a scroll of amnesia {unknown}
 j - a scroll of enchant armour {unknown}
 p - a scroll of poison {unknown}
 q - a scroll of silence {unknown}
Potions
 d - a potion of might
 h - a potion of flight {unknown}
 k - a potion of degeneration {unknown}
 n - a potion of curing {unknown}
 o - a potion of lignification {unknown}


   Skills:
 + Level 3.4 Fighting
 + Level 2.8 Long Blades
 + Level 3.1 Armour
 + Level 0.9 Dodging
 + Level 3.1 Shields


You had 3 spell levels left.
You didn't know any spells.
Your spell library contained the following spells:

 Spells                   Type           Power      Damage    Failure   Level
 Slow                     Hex            0%         N/A       83%         1
 Confusing Touch          Hex            0%         N/A       99%         3
 Vampiric Draining        Necr           0%         2d6       99%         3


Dungeon Overview and Level Annotations

Branches:
Dungeon (3/15)

Altars:

Annotations:
D:3 1 runed translucent door, Descartes's ghost, amateur DEEE


Innate Abilities, Weirdness & Mutations

A meltable shield of frost defends you. (SH +4)


Message History

No target in view!
No target in view!
No target in view!
No target in view!
No target in view!
No target in view!
No target in view!
No target in view!
You see here a +0 mace.
An orc comes into view. It is wielding a +0 club.
The orc shouts!
You hear a shout! x2
An orc is nearby!
An orc, an orc wizard and an orc priest come into view.
The orc shouts!
The orc wizard shouts!
The orc hits you but does no damage.
You hit the orc.
The orc is moderately wounded.
You barely miss the orc.
The orc is moderately wounded.
The orc hits you with a +0 club.
The orc priest mumbles some strange prayers to Beogh against you.
Pain shoots through your body! You block the orc wizard's attack.
The orc closely misses you. You block the orc priest's attack.
You hit the orc.
You kill the orc!
The orc priest calls down the wrath of Beogh upon you.
Beogh smites you! You block the orc wizard's attack.
You hit the orc wizard.
The orc wizard is lightly wounded.
You block the orc's attack.
The orc priest invokes the aid of Beogh against you.
Beogh smites you!
The orc wizard gestures at you while chanting.
The magic dart hits you.
* * * LOW HITPOINT WARNING * * *
You are too injured to fight recklessly!
You hit the orc wizard.
The orc wizard is moderately wounded.
The orc hits you with a +0 flail!
You die...

#.# #>. #####
#.##### #....
#.....#### #
#.... #.....'...
. #.... #.#...#
#### #...o
#.'...# #...
###...o###.#...#
#.##
......o@.).###.#
#.##
############
#.######.##
#.....##.##
#####..#.##
##.#.## #.#.##
#..... ###...
####


You could see an orc priest, an orc wizard and an orc.

Vanquished Creatures
  2 adders (D:3)
  2 worms
  2 dart slugs
  2 orcs (D:3)
  6 ball pythons
  5 endoplasms
  A giant cockroach (D:3)
  2 goblins
  8 hobgoblins
  4 jackals (D:3)
  5 kobolds
  3 quokkas
  7 bats
  4 rats
53 creatures vanquished.

Notes
Turn   | Place    | Note
-------+----------+-------------------------------------------
     0 | D:1      | Jarnaxa the Demonspawn Fighter began the quest for the Orb.
     0 | D:1      | Reached XP level 1. HP: 18/18 MP: 1/1
    56 | D:1      | Gained mutation: A meltable shield of frost defends you.
                  | (SH +4) [demonic ancestry]
    56 | D:1      | Reached XP level 2. HP: 7/24 MP: 2/2
   767 | D:2      | Reached XP level 3. HP: 29/29 MP: 3/3
  1496 | D:3      | Found a runed translucent door.
  1497 | D:3      | Noticed Descartes's ghost (amateur DEEE)
  1744 | D:3      | Reached XP level 4. HP: 32/35 MP: 4/4
  1748 | D:3      | Identified the +3 robe of Ibbyzu {Str+2}
  1942 | D:3      | Slain by an orc

Illustrated notes

Levels and vault maps discovered:
D:1:      psy_arrival_terrarium, layout_basic
D:2:      minmay_recursive_quarters, layout_loops_ring
D:3:      layout_basic, hellmonk_ghost_happy_afterlife, solitary_fountain

Skill      XL: |  1  2  3 |
---------------+----------+-----
Long Blades    | 2 |  2.8
Armour         | 3 |  3.1
Shields        | 3 |  3.1
Fighting       | |  3.4
Dodging        | |  0.9

Action                     |  1- 3 |  4- 6 || total
---------------------------+-------+-------++-------
  Melee: Long sword        |   157 |    25 ||   182
    Use: Potion            |     4 |       ||     4
 Armour: Scale mail        |    96 |    26 ||   122
  Dodge: Dodged            |   104 |    12 ||   116
  Block: Buckler           |    93 |    20 ||   113
